Map: 에버 드림 - 래더

Players

Zest - Winner!

  • Race: Protoss Protoss
  • Spawn Location: 7:00

Reynor

  • Race: Zerg Zerg
  • Spawn Location: 1:00

Event: StayAtHomestory Cup #2

VOD

https://www.youtube.com/watch?v=CHzUop4WP0A

Description

Time

  • Played on: June 12, 2020, 2:08 p.m.
  • Length: 15:29

All games in this series

Show
View Real Time Build Order
Export as new Build Order

Zest Protoss - Winner!

Build Orders: 1 Gate Expand, Zealot Archon, Archon Drop, Dark Templar Rush 

Get SALT Encoding   

  12  0:01  Probe  
  13  0:13  Probe  
  14  0:18  Pylon  
  14  0:25  Probe  
  15  0:33  Probe  
  15  0:40  Gateway  
  15  0:41  Probe  
  16  0:49  Assimilator  
  17  0:51  Probe  
  18  1:03  Probe  
  19  1:15  Probe  
  20  1:25  Nexus  
  20  1:35  Cybernetics Core  
  20  1:38  Probe  
  21  1:43  Assimilator  
  21  1:50  Probe  
  21  1:53  Pylon  
  22  2:00  Probe  
  22  2:01  Adept  
  22  2:08  Probe  
  23  2:11  Warp Gate  
  26  2:17  Probe  
  26  2:22  Twilight Council  
  27  2:24  Stalker  
  27  2:29  Probe  
  30  2:37  Probe  
  30  2:41  Probe  
  32  2:48  Robotics Facility  
  32  2:51  Probe  
  32  2:53  Probe  
  34  3:07  Probe x2, Gateway  
  36  3:19  Probe x2  
  38  3:21  Dark Shrine  
  38  3:24  Adept  
  40  3:31  Probe x2, Warp Prism  
  40  3:33  Gateway  
  44  3:47  Pylon  
  44  3:49  Probe x2  
  46  3:56  Pylon  
  46  4:00  Assimilator  
  46  4:05  Probe x2  
  46  4:06  Adept x2  
  52  4:10  Assimilator  
  52  4:17  Probe x2  
  52  4:23  Pylon  
  54  4:29  Probe x2  
  56  4:37  Dark Templar x3  
  62  4:42  Pylon  
  62  4:43  Probe  
  62  4:44  Probe  
  62  4:55  Probe  
  62  4:56  Probe  
  62  4:58  Pylon  
  63  5:01  Archon  
  63  5:11  Dark Templar  
  63  5:12  Dark Templar x2  
  69  5:15  Pylon  
  69  5:25  Probe x2  
  71  5:38  Probe x2  
  72  5:56  Probe x2  
  74  5:58  Archon  
  74  6:00  Charge  
  74  6:02  Nexus  
  74  6:03  Pylon  
  66  6:13  Probe  
  66  6:14  Probe  
  66  6:17  Immortal  
  64  6:24  Gateway  
  64  6:25  Gateway  
  64  6:26  Probe x2  
  64  6:27  Gateway  
  70  6:34  Dark Templar x3  
  70  6:38  Probe x2, Gateway x2  
  78  6:41  Gateway  
  78  6:50  Probe  
  78  6:51  Immortal  
  78  6:53  Gateway  
  77  6:55  Gateway  
  77  7:03  Pylon  
  77  7:07  Zealot x3  
  81  7:10  Shield Battery  
  81  7:14  Shield Battery  
  75  7:17  Probe x2  
  75  7:20  Zealot  
  79  7:22  Sentry  
  79  7:23  Sentry  
  79  7:28  Dark Templar x3  
  89  7:34  Archon  
  93  7:41  Stalker x4  
  99  7:47  Stalker x2  
  103  7:52  Stalker  
  103  7:55  Shield Battery  
  105  7:58  Pylon  
  105  7:59  Immortal  
  105  8:01  Stalker x2  
  109  8:05  Assimilator  
  109  8:09  Archon  
  109  8:11  Sentry, Zealot x4  
  119  8:15  Pylon  
  119  8:18  Stalker x2  
  123  8:28  Pylon, Assimilator  
  123  8:31  Observer  
  124  8:41  Zealot x7  
  124  8:46  Dark Templar  
  124  8:47  Dark Templar  
  136  9:15  Zealot x6  
  136  9:16  Zealot x2  
  136  9:23  Archon  
  114  9:30  Dark Templar  
  114  9:31  Dark Templar x2  
  114  9:38  Archon  
  112  9:39  Warp Prism  
  102  9:46  Zealot x8  
  106  9:55  Blink  
  102  10:00  Observer  
  102  10:06  Templar Archives  
  98  10:10  Immortal  
  80  10:17  Sentry x4  
  80  10:18  Sentry, Stalker x5  
  88  10:46  Immortal  
  86  10:54  High Templar x2, Zealot x2  
  86  10:55  Psionic Storm, Zealot x7  
  112  10:59  Archon  
  112  11:17  Protoss Ground Weapons Level 1  
  112  11:19  High Templar x2  
  112  11:22  Forge  
  116  11:31  High Templar, Warp Prism  
  120  11:38  Nexus  
  120  11:40  Pylon  
  120  11:43  Pylon  
  120  11:45  High Templar  
  120  11:46  High Templar  
  124  11:49  Probe x3  
  128  12:01  Probe x2  
  128  12:03  Warp Prism  
  129  12:09  High Templar  
  133  12:22  Pylon  
  133  12:28  Dark Templar x2, Pylon  
  137  12:31  Stalker x3  
  137  12:32  Stalker  
  137  12:35  Pylon  
  145  12:46  Dark Templar x2  
  145  12:47  Zealot  
  145  12:48  Zealot x2  
  155  12:52  Archon x2  
  155  12:59  Observer  
  155  13:00  Dark Templar x2  
  155  13:01  Zealot x4  
  167  13:07  Archon  
  167  13:08  Zealot x2  
  167  13:09  Zealot  
  174  13:25  High Templar x2, Zealot  
  174  13:26  Zealot x3  
  186  13:39  Archon  
  186  13:40  Observer  
  186  13:52  Stalker  
  184  13:59  Dark Templar x3, Zealot x5  
  191  14:21  Zealot x7  
  191  14:28  Archon  
  191  14:30  Stalker  
  166  14:31  Stalker x3  
  166  14:35  Archon  
  142  14:54  Stalker x7  
  142  14:58  Stalker x4  
  116  15:20  Zealot x7  
  112  15:23  Zealot x4  
Show
View Real Time Build Order
Export as new Build Order

Reynor Zerg 

Build Orders: Hatch First 

Get SALT Encoding   

  12  0:00  Drone  
  13  0:12  Overlord  
  13  0:17  Drone  
  14  0:30  Drone x2  
  16  0:42  Drone  
  17  0:52  Hatchery  
  17  0:55  Drone  
  17  1:00  Drone  
  18  1:10  Extractor  
  17  1:14  Spawning Pool  
  16  1:19  Drone  
  16  1:21  Drone  
  18  1:28  Drone  
  19  1:38  Drone  
  20  1:49  Overlord  
  20  2:00  Drone  
  21  2:03  Queen  
  21  2:04  Queen, Drone  
  26  2:10  Drone  
  26  2:15  Zergling x2  
  29  2:22  Drone  
  29  2:26  Drone  
  29  2:27  Metabolic Boost  
  30  2:34  Hatchery  
  30  2:36  Zergling x2  
  30  2:39  Drone  
  31  2:45  Queen  
  31  2:50  Overlord  
  33  2:53  Drone  
  33  2:55  Drone  
  35  2:59  Zergling x2  
  36  3:09  Drone x2  
  36  3:12  Drone x3  
  41  3:16  Overlord  
  41  3:19  Drone  
  42  3:22  Queen  
  44  3:29  Overlord  
  44  3:35  Drone  
  44  3:39  Drone  
  46  3:41  Drone  
  46  3:43  Overlord  
  46  3:44  Drone x2  
  46  3:46  Drone  
  46  3:47  Queen  
  52  3:51  Overlord  
  52  3:53  Zergling x6  
  55  4:00  Spore Crawler  
  55  4:01  Drone x2  
  55  4:02  Spore Crawler  
  55  4:07  Spore Crawler  
  55  4:08  Drone x3  
  57  4:14  Queen  
  57  4:16  Drone x2  
  61  4:20  Zergling x6  
  61  4:22  Zergling x2  
  65  4:25  Zergling x2  
  65  4:30  Zergling x4  
  67  4:33  Zergling x6  
  70  4:38  Lair  
  70  4:42  Overlord  
  70  4:43  Zergling x4  
  70  4:48  Drone x2  
  70  4:50  Drone x4  
  73  4:57  Extractor  
  73  4:58  Roach Warren  
  73  4:59  Extractor, Drone  
  71  5:02  Drone x2  
  72  5:09  Drone x2  
  72  5:10  Drone x2  
  72  5:13  Drone, Overlord  
  77  5:21  Zergling x8  
  74  5:24  Zergling x2  
  74  5:25  Overlord  
  76  5:28  Overlord  
  76  5:31  Overlord  
  77  5:35  Drone x2  
  77  5:37  Drone  
  77  5:41  Drone x3  
  77  5:42  Drone  
  81  5:44  Extractor, Overseer x2  
  81  5:45  Zergling x6  
  81  5:46  Zergling x2  
  81  5:48  Queen  
  80  5:50  Zergling x2, Glial Reconstitution  
  81  5:57  Drone  
  81  5:58  Drone x2  
  81  6:00  Drone x3  
  81  6:04  Drone  
  87  6:07  Drone  
  87  6:09  Drone  
  87  6:12  Overlord  
  87  6:16  Drone x2  
  89  6:23  Drone  
  89  6:25  Extractor  
  89  6:28  Drone  
  89  6:29  Drone  
  89  6:32  Drone x3  
  94  6:33  Drone x2  
  94  6:35  Extractor  
  94  6:38  Hatchery, Overseer  
  94  6:45  Roach x7  
  107  6:59  Overlord  
  107  7:00  Roach  
  107  7:08  Roach  
  107  7:11  Roach  
  105  7:16  Hatchery  
  105  7:18  Roach x4  
  105  7:19  Roach  
  112  7:28  Overlord  
  112  7:33  Roach, Zergling x2  
  111  7:37  Unknown  
  111  7:40  Ravager  
  111  7:41  Ravager  
  111  7:42  Zergling x8  
  116  7:44  Overlord  
  116  7:45  Evolution Chamber  
  116  7:51  Overlord  
  115  7:53  Drone x3  
  115  7:54  Overlord  
  117  7:59  Overlord  
  117  8:03  Drone  
  117  8:04  Drone  
  119  8:08  Drone x3  
  119  8:09  Evolution Chamber, Drone  
  119  8:10  Drone x3  
  119  8:11  Baneling Nest  
  124  8:13  Drone  
  124  8:15  Zerg Melee Weapons Level 1  
  124  8:16  Ravager x2  
  124  8:18  Roach  
  129  8:20  Drone  
  129  8:23  Roach  
  132  8:29  Roach, Zergling x2  
  132  8:32  Pneumatized Carapace, Zergling x2  
  136  8:34  Roach  
  136  8:35  Zerg Missile Weapons Level 1  
  136  8:37  Zergling x10  
  136  8:40  Roach, Zergling x8  
  136  8:41  Ravager x3  
  151  8:43  Zergling x2  
  151  8:46  Overlord x2  
  152  8:50  Overlord  
  151  8:55  Baneling  
  151  8:56  Baneling x7  
  151  8:57  Centrifical Hooks  
  151  9:01  Overlord  
  151  9:09  Zergling x26  
  158  9:13  Zergling x4  
  140  9:19  Roach  
  140  9:21  Zergling x2  
  140  9:23  Roach, Zergling x2  
  130  9:26  Queen  
  130  9:31  Roach  
  124  9:32  Roach  
  124  9:33  Roach x2  
  112  9:38  Roach x2  
  112  9:40  Zergling x2  
  112  9:43  Roach  
  100  9:47  Roach  
  96  9:53  Roach, Zergling x2  
  94  10:00  Drone x3  
  97  10:07  Drone x3  
  97  10:10  Drone x2  
  98  10:23  Zerg Melee Weapons Level 2  
  98  10:30  Ravager x2  
  98  10:31  Ravager  
  98  10:33  Hatchery  
  100  10:35  Ravager  
  101  10:44  Zerg Missile Weapons Level 2  
  101  10:46  Drone x3  
  101  10:49  Drone x3  
  107  10:50  Queen  
  109  11:01  Zergling x8  
  113  11:08  Roach  
  113  11:09  Zergling x4  
  113  11:11  Roach, Hatchery  
  118  11:12  Ravager x2  
  118  11:13  Zergling x2  
  118  11:16  Ravager x2  
  118  11:18  Roach, Zergling x2  
  126  11:23  Roach  
  128  11:26  Roach  
  130  11:33  Baneling x2  
  130  11:34  Baneling  
  130  11:36  Roach, Zergling x2  
  130  11:39  Zergling x6  
  135  11:44  Roach  
  137  11:47  Baneling x2  
  137  11:48  Baneling  
  137  11:50  Drone x2  
  137  11:53  Zergling x2  
  140  11:57  Baneling  
  140  11:58  Baneling x5  
  140  12:00  Zergling x4, Hatchery  
  142  12:01  Zergling x6  
  142  12:06  Queen, Baneling x3  
  142  12:07  Drone, Baneling  
  147  12:08  Zergling x4  
  149  12:17  Drone  
  149  12:18  Zergling x2  
  149  12:21  Zergling x8  
  149  12:22  Overseer  
  155  12:24  Zergling x2  
  155  12:28  Drone x2  
  158  12:34  Zergling x4  
  160  12:38  Drone x2  
  160  12:41  Baneling x4  
  160  12:42  Baneling  
  162  12:44  Queen  
  162  12:45  Drone x3  
  162  12:46  Drone x2  
  162  12:49  Overlord, Infestation Pit  
  168  12:53  Zergling x8  
  168  12:57  Baneling x10  
  168  12:58  Zergling x4  
  174  13:01  Zergling x2  
  174  13:04  Spore Crawler  
  174  13:05  Zergling x2  
  175  13:06  Spine Crawler  
  175  13:07  Zergling x4  
  175  13:10  Infestation Pit  
  176  13:13  Zergling x2  
  176  13:14  Zergling x4  
  176  13:19  Baneling x8  
  176  13:21  Zergling x2  
  176  13:22  Zergling x14  
  176  13:25  Zergling x4  
  176  13:27  Baneling  
  186  13:28  Hive, Zergling x4  
  186  13:30  Zergling x4  
  186  13:32  Overlord  
  189  13:36  Overlord  
  189  13:45  Overlord  
  189  13:49  Overlord  
  189  13:54  Zergling x22  
  200  13:56  Baneling x13  
  200  13:57  Baneling x4  
  200  14:06  Spire  
  197  14:12  Zergling x18  
  197  14:15  Roach, Zergling x10  
  174  14:25  Zergling x8  
  174  14:27  Queen  
  174  14:29  Roach, Zergling x6  
  142  14:32  Roach, Zergling x2  
  142  14:33  Zergling x2  
  142  14:34  Roach  
  142  14:35  Zergling x4  
  142  14:38  Zergling x2  
  135  14:41  Ravager x3  
  135  14:42  Zergling x4  
  128  14:47  Baneling x5  
  128  14:48  Baneling x3  
  128  14:51  Ravager x4  
  131  14:54  Baneling x4  
  131  14:56  Ravager x2  
  131  14:59  Zergling x6  
  119  15:09  Overlord  
  119  15:12  Zergling x2  
Tags
 
Add a new tag
Caveats
  • Supply blocks, unpowered buildings, or Contaminate may cause inaccurate times.
  • Supply counts are checked every 10 seconds.